Cogmind - Beta 17 @@@ ROGUE MODE // 2026.07.09 @ 01:13:50 Player: Artackni Result: Destroyed by TV-JJL(R) with Subdweller Machine Gun Performance ------------- Evolutions (0) 0 Regions Visited (2) 400 Robots Destroyed (23) 115 Value Destroyed (470) 470 Prototype IDs (2) 40 Alien Tech Used (0) 0 Bonus (5600) 5600 TOTAL SCORE: 6625 Bonus ------- Prayed to X0-1V1 5000 Major X0-1V1 Interference 600 Cogmind --------- Core Integrity 0/125 Matter 116/900 Energy 250/250 System Corruption 0% Temperature Cool (0) Movement Treading (480) Ox4 Location -10/Subcaves Parts ------- > --- POWER (1) -------- Ion Engine (fused) > --- PROPULSION (2) --- Light Treads > --- UTILITY (2) ------ Huge Storage Unit X0-1V1's Piety Tracker > --- WEAPON (2) ------- Heavy Assault Rifle Light Cannon > --- INVENTORY (25) --- Ion Engine Light Treads Light Treads Light Treads Light Treads Light Treads Light Treads Light Treads Light Treads Large Storage Unit Seismic Detector Seismic Detector Hardened Light Armor Plating Hardened Light Armor Plating Hardened Light Armor Plating Hardened Light Armor Plating Subdweller Beam Cannon Light Assault Rifle Heavy Assault Rifle Heavy Assault Rifle Grenade Launcher Subdweller Shrapnel Launcher Peak State ------------ > --- POWER ------------ Ion Engine > --- PROPULSION ------- Light Treads Light Treads > --- UTILITY ---------- Huge Storage Unit X0-1V1's Piety Tracker > --- WEAPON ----------- Subdweller Beam Cannon Heavy Assault Rifle > --- INVENTORY -------- Ion Engine Light Treads Light Treads Light Treads Light Treads Light Treads Light Treads Light Treads Light Treads Compact Wheel Large Storage Unit Seismic Detector Seismic Detector Hardened Light Armor Plating Hardened Light Armor Plating Hardened Light Armor Plating Hardened Light Armor Plating Light Assault Rifle Heavy Assault Rifle Heavy Assault Rifle Heavy Assault Rifle Light Cannon Grenade Launcher [Rating: 24] Favorites ----------- Power Ion Engine Engine Ion Engine Propulsion Light Treads Treads Light Treads Wheel Compact Wheel Flight Unit Improved Flight Unit Utility X0-1V1's Piety Tracker Device X0-1V1's Piety Tracker Storage Huge Storage Unit Protection Hardened Light Armor Plating Weapon Light Assault Rifle Energy Gun Small Laser Energy Cannon Subdweller Beam Cannon Ballistic Gun Light Assault Rifle Ballistic Cannon Light Cannon Launcher Grenade Launcher Build | -11 -10 -10 ------- Run | Yrd Mat Sub Slots Evolved . | . . . Power . | . . . Propulsion . | . . . Utility . | . . . Weapon . | . . . Parts Attached 28 | 7 12 9 Power 1 | 1 . . Engine 1 | 1 . . Core . | . . . Reactor . | . . . Propulsion 9 | 2 5 2 Treads 5 | . 3 2 Leg . | . . . Wheel 3 | 2 1 . Hover . | . . . Flight 1 | . 1 . Utility 9 | 2 5 2 Device 4 | 1 2 1 Storage 4 | 1 3 . Processor . | . . . Hackware . | . . . Protection 1 | . . 1 Artifact . | . . . Weapon 9 | 2 2 5 Energy Gun 1 | . 1 . Energy Cannon 1 | . . 1 Ballistic Gun 5 | 2 . 3 Ballistic Cannon 1 | . . 1 Launcher 1 | . 1 . Special Weapon . | . . . Impact Weapon . | . . . Slashing Weapon . | . . . Piercing Weapon . | . . . Special Melee Weapon . | . . . Unidentified Prototypes 2 | . 2 . Parts Lost 5 | . 2 3 Power . | . . . Propulsion 2 | . . 2 Utility 1 | . 1 . Weapon 2 | . 1 1 Highest Loss Streak 3 | . 1 3 To Critical Strikes . | . . . Average Backups 15 | 3 13 22 Power . | . 1 1 Propulsion 7 | 1 8 9 Utility 4 | 1 3 6 Weapon 2 | . . 5 Tool/Special . | . . . Unused Backups 13 | . . 13 Power 1 | . . 1 Propulsion 5 | . . 5 Utility 5 | . . 5 Weapon 2 | . . 2 Tool/Special . | . . . Average Slot Usage (%) 98 | . 99 96 Engine 14 | . 14 14 Treads 21 | . 20 23 Wheel 6 | . 7 4 Device 12 | . 13 10 Storage 14 | . 14 14 Energy Gun 4 | . 7 . Energy Cannon 4 | . . 11 Ballistic Gun 16 | . 16 15 Launcher 2 | . 3 . Peak Build Rating 24 | 7 22 24 Average Rating 15 | 5 13 20 On Entrance 9 | . 7 22 Avg Prop Armor Cover (%) 13 | . . 13 Naked Turns . | . . . Heaviest Build 101 | 13 90 101 Greatest Support 40 | 32 40 40 Greatest Overweight (x) 6 | . 2 6 Average Overweight (x) 1 | . . 3 Largest Inventory Capacity 25 | 8 25 25 Average Capacity 17 | 6 14 25 Most Carried 24 | 5 23 24 Average Carried 15 | 3 13 22 Final Capacity 25 | 8 25 25 Final Carried 23 | 5 23 22 Class Distribution -------------------- 100% | Mutant Dominant Class ---------------- Mutant | -10/Materials Mutant | -10/Subcaves Resources | -11 -10 -10 ----------- Run | Yrd Mat Sub Matter Collected 518 | 300 178 40 Remotely . | . . . Salvage Created 754 | 105 580 69 Parts 43 | 10 29 4 Haulers Intercepted 2 | . 2 . Recyclers Shooed 2 | 1 1 . Parts Field Recycled . | . . . Retrieved Matter . | . . . Parts Self-Destructed . | . . . Prevented . | . . . Parts Restored . | . . . Kills | -11 -10 -10 ------- Run | Yrd Mat Sub Combat Hostiles Destroyed 13 | . 11 2 Guns 12 | . 11 1 Cannons 1 | . . 1 Classes Destroyed 8 | 2 5 1 Worker 1 | 1 . . Tunneler 5 | 5 . . Hauler 2 | . 2 . Recycler 1 | . 1 . Operator 1 | . 1 . Swarmer 3 | . 3 . Grunt 8 | . 8 . Subdweller 2 | . . 2 Best Kill Streak 4 | 3 4 1 Combat Bots Only 2 | . 2 1 Max Kills in Single Turn 1 | 1 1 1 Gunslinging . | . . . Exploded . | . . . Melee . | . . . Uniques/NPCs Destroyed . | . . . Combat | -11 -10 -10 -------- Run | Yrd Mat Sub Hostile Shots Fired 107 | . 71 36 Missed 27 | . 17 10 Hits 80 | . 54 26 Projectile 80 | . 54 26 Critical Strikes 3 | . 3 . Damage Taken 1166 | . 658 508 Core 266 | . 138 128 Absorbed by Shields . | . . . Core Remaining (%) 100 | 100 . . Volleys Fired 124 | 22 65 37 Largest 2 | 2 2 2 Hottest 80 | 40 60 80 Shots Fired 216 | 44 128 44 Gun 179 | 44 127 8 Cannon 36 | . . 36 Launcher 1 | . 1 . Special . | . . . Kinetic 146 | 44 86 16 Thermal 69 | . 41 28 Explosive 1 | . 1 . Electromagnetic . | . . . Robot Hit Streak 11 | 7 11 9 Robot Miss Streak 4 | 2 4 2 Penetration Max . | . . . Secondary Targets 1 | . 1 . Max Gunslinging Chain 1 | . 1 . Shots Hit Robots 131 | 28 82 21 Core Hits 48 | 12 33 3 Critical Kills . | . . . Critical Parts Destroyed . | . . . Critical Strikes . | . . . Melee Attacks . | . . . Impact . | . . . Slashing . | . . . Piercing . | . . . Sneak Attacks . | . . . Combat Hostiles . | . . . Follow-up Attacks . | . . . Damage Inflicted 1468 | 232 819 417 Guns 1067 | 232 745 90 Cannons 327 | . . 327 Explosions 74 | . 74 . Melee . | . . . Ramming . | . . . Kinetic 898 | 232 462 204 Thermal 496 | . 283 213 Explosive 74 | . 74 . Electromagnetic . | . . . Impact . | . . . Slashing . | . . . Piercing . | . . . Highest Corruption . | . . . Average Corruption . | . . . Corruption Purged . | . . . Corruption Blocked . | . . . Overload Shots . | . . . Overflow Damage . | . . . Projectiles . | . . . Explosions . | . . . Melee . | . . . Knockbacks . | . . . Impact . | . . . Kinetic . | . . . Secondary . | . . . Self-Inflicted Damage 24 | . 24 . Shots 1 | . 1 . Rammed . | . . . Targets Rammed . | . . . Kicked . | . . . Crushed . | . . . Highest Temperature 198 | . 198 . Average Temperature 62 | . 62 . Received Heat Transfer 411 | . 366 45 Siege Activations . | . . . Martial Activations . | . . . Shielding Activations . | . . . Robots Disrupted . | . . . Combat Hostiles . | . . . Robots Corrupted . | . . . Combat Hostiles . | . . . Parts Fried . | . . . Impact Corruptions . | . . . Robots Melted . | . . . Combat Hostiles . | . . . Parts Melted 3 | . 1 2 Heat Transferred 946 | . 650 296 Parts Sabotaged . | . . . Parts Stolen . | . . . Parts Stripped . | . . . Power Chain Reactions . | . . . Alert | -11 -10 -10 ------- Run | Yrd Mat Sub Maximum Alert Level . | . . . Low Security (%) 100 | 100 100 . Level 1 . | . . . Level 2 . | . . . Level 3 . | . . . Level 4 . | . . . Level 5 . | . . . High Security . | . . . Max Security . | . . . Peak Influence 111 | 10 111 . Initial . | . . . Average 23 | 1 26 . Influence Increases 347 | 30 317 . Destroy 0b10 Robot/C 220 | . 220 . Destroy 0b10 Robot/NC 50 | 30 20 . Destroy Leader 54 | . 54 . Destroy Structure 8 | . 8 . Lose Combat Pursuer 15 | . 15 . Influence Decreases 347 | 30 297 20 Entered New Map 10 | . . 10 Time Decay 327 | 30 287 10 Lost Part 10 | . 10 . Squads Dispatched 4 | . 4 . Investigation . | . . . Extermination . | . . . Reinforcement 4 | . 4 . Assault . | . . . Garrison . | . . . Intercept . | . . . Searches Triggered . | . . . Construction Impeded . | . . . Haulers Reinforced . | . . . Active Scanning Responses . | . . . Cargo Convoy Interrupts . | . . . Stealth | -11 -10 -10 --------- Run | Yrd Mat Sub Distress Signals 2 | . 2 . Communications Jammed . | . . . Distress Signals . | . . . Times Spotted 32 | . 29 3 Peak Tracking Total 5 | . 5 2 Tactical Retreats 1 | . 1 . Traps | -11 -10 -10 ------- Run | Yrd Mat Sub Traps Triggered . | . . . Indirectly . | . . . Trap Hack Attempts . | . . . Triggered . | . . . Disarmed . | . . . Reprogrammed . | . . . Reused . | . . . Traps Extracted . | . . . Installed . | . . . Triggered . | . . . Machines | -11 -10 -10 ---------- Run | Yrd Mat Sub Machines Disabled . | . . . Max in Single Turn . | . . . Machines Repaired . | . . . Machines Dismantled . | . . . Machines Sabotaged . | . . . Overloaded Fab Kills . | . . . Hacking | -11 -10 -10 --------- Run | Yrd Mat Sub Machines Accessed . | . . . Terminals . | . . . Fabricators . | . . . Repair Stations . | . . . Recycling Units . | . . . Scanalyzers . | . . . Garrison Access . | . . . Total Hacks . | . . . Successful . | . . . Failed . | . . . Catastrophic . | . . . Database Lockouts . | . . . Manual 1 | . 1 . Terminals . | . . . Fabricators . | . . . Repair Stations . | . . . Recycling Units . | . . . Scanalyzers . | . . . Garrison Access . | . . . Terminal Hacks . | . . . Fabricator Hacks . | . . . Repair Station Hacks . | . . . Recycling Unit Hacks . | . . . Scanalyzer . | . . . Garrison Access Hacks . | . . . Unauthorized Hacks . | . . . Terminals . | . . . Fabricators . | . . . Repair Stations . | . . . Recycling Units . | . . . Scanalyzers . | . . . Garrison Access . | . . . Data Cores Recovered . | . . . Used . | . . . Hacking Detections . | . . . Full Trace Events . | . . . Feedback Events . | . . . Feedback Blocked . | . . . Robot Schematics Acquired . | . . . Robots Built . | . . . Authchips . | . . . Time . | . . . Total Robot Build Rating . | . . . Part Schematics Acquired . | . . . Parts Built . | . . . Authchips . | . . . Time . | . . . Total Part Build Rating . | . . . Part Studies Acquired . | . . . Parts Repaired . | . . . Time . | . . . Parts Recycled . | . . . Recycled Matter . | . . . Retrieved Matter . | . . . Retrieved Components . | . . . Parts Scanalyzed . | . . . Part Schematics Acquired . | . . . Parts Damaged . | . . . Bothacking | -11 -10 -10 ------------ Run | Yrd Mat Sub Used RIF Installer . | . . . Robots Hacked . | . . . Non-combat . | . . . Combat . | . . . Robot Hacks Applied . | . . . Relay Couplers Released . | . . . Fabnet Peak Effective % . | . . . Robots Rewired . | . . . Allies Hacked . | . . . Hacks Repelled . | . . . Allies | -11 -10 -10 -------- Run | Yrd Mat Sub Total Allies . | . . . Largest Group . | . . . Highest-Rated Group . | . . . Highest-Rated Ally . | . . . Total Orders . | . . . Ally Attacks . | . . . Total Damage . | . . . Kills . | . . . Allies Corrupted . | . . . Allies Melted 1 | . . 1 X0-1V1 Amusement Gains 34 | . 34 . Good Acts 5 | . 1 4 Bad Acts 4 | . 3 1 Intel | -11 -10 -10 ------- Run | Yrd Mat Sub Active Infowar (turns) 384 | 84 300 . Seismic 384 | 84 300 . Robot Analysis Total . | . . . Derelict Logs Recovered 1 | . . 1 Drone Launches . | . . . Drone Recoveries . | . . . Exploration | -11 -10 -10 ------------- Run | Yrd Mat Sub Turns Passed 2301 | 197 1295 809 Spaces Moved 1103 | 126 716 261 Core 4 | 4 . . Treads 645 | . 482 163 Legs . | . . . Wheels 454 | 122 234 98 Hover . | . . . Flight . | . . . Fastest Speed 50 | 50 100 190 Average Speed 170 | 98 146 271 Slowest Speed 320 | 100 320 320 Overloaded Moves . | . . . Propulsion Burnouts . | . . . Robots Hopped . | . . . Potential Cave-ins . | . . . Cave-ins Triggered . | . . . Exploration Rate (%) 39 | 4 91 23 Regions Visited 2 Branch Regions 1 Pre-discovered Areas . | . . . Known Exits Taken . | . . . Unknown Exits Taken 2 | 1 1 . Scrap Searched . | . . . Spaces Dug 1 | . . 1 Terrain Destroyed 11 | . 8 3 Melee . | . . . Projectile 3 | . . 3 AOE 8 | . 8 . Terrain Rammed . | . . . Walls Destroyed . | . . . Machines Disabled . | . . . Actions | -11 -10 -10 --------- Run | Yrd Mat Sub Total 1327 | 160 852 315 Wait 32 | . 32 . Move 1101 | 125 715 261 Hop . | . . . Pick Up 24 | 6 17 1 Fast Attach 15 | 6 7 2 Attach 5 | 1 . 4 Detach 6 | . 2 4 Swap 13 | . 7 6 Drop 7 | . 7 . Fire 124 | 22 65 37 Melee . | . . . Ram . | . . . Kick . | . . . Crush . | . . . Escape Stasis . | . . . Rewire . | . . . Trap . | . . . Miscellaneous . | . . . Route ------- -11/Scrapyard -10/Materials (discovered 6 exits: [*Mat x3] / [*Min x2] / [*Sub]) -10/Subcaves (discovered 1 exit: *Mat) History --------- Turn | Location | Event 3 | -11/Scrapyard | Discovered new exit (range 15) 198 | -11/Scrapyard | Entered Materials 221 | -10/Materials | Discovered new exit (range 8) 313 | -10/Materials | Build established: Mutant 781 | -10/Materials | Discovered new exit (range 5) 934 | -10/Materials | Prayed at D.C.S.S. Altar Unit 1066 | -10/Materials | Discovered new exit (range 9) 1102 | -10/Materials | Core integrity fell below 50% 1201 | -10/Materials | Discovered new exit (range 4) 1363 | -10/Materials | Discovered new exit (range 11) 1462 | -10/Materials | X0-1V1 announced a LAN party 1484 | -10/Materials | Discovered new exit (range 6) 1493 | -10/Materials | Entered Subcaves 1494 | -10/Subcaves | Approached by a straggling Scientist 1498 | -10/Subcaves | Heat dissipation permanently improved by X0-1V1 (+25; -125 max core) 1510 | -10/Subcaves | Identified exit to Materials 1583 | -10/Subcaves | Shifting Twisted Machinery released Battle Cannon 1591 | -10/Subcaves | Shifting Twisted Machinery released Sub. Beam Cannon 1890 | -10/Subcaves | Shifting Twisted Machinery released Hvy. Riot Gun 1900 | -10/Subcaves | Shifting Twisted Machinery released Flamer 2060 | -10/Subcaves | A swath of the cavern ceiling suddenly collapsed 2231 | -10/Subcaves | Shifting Twisted Machinery released Sub. Shrapnel Launcher 2234 | -10/Subcaves | Shifting Twisted Machinery released Humpback 2299 | -10/Subcaves | Core integrity fell below 20% 2302 | -10/Subcaves | Destroyed by TV-JJL(R) with Subdweller Machine Gun Last Messages --------------- 02148_ CQ-D3J(R) destroyed. 19-C52(c): "I think it's somewhere southwest of here" 02160_ Acquired 40 matter. 02177_ Subatomizers dissect the Sub. Monowheel. 19-C52(c): "I think it's somewhere southwest of here" 02215_ Subatomizers dissect the Sub. Optics. Sub. Shrapnel Launcher falls loose from the Twisted Machinery. Humpback falls loose from the Twisted Machinery. 02243_ Acquired Sub. Shrapnel Launcher. 19-C52(c): "I think it's somewhere west of here" 02269_ X0-1V1 feels inspired! KZ-0RU(R) Sub. Machine Gun replaced by Hpw. Shotgun. 02271_ Sub. Beam Cannon shoots sparks and powers down. 02272_ Sight range returns to normal. 02276_ Hvy. Assault Rifle destroyed. 02279_ Com. Wheel destroyed. 02284_ KZ-0RU(R) destroyed. 02292_ TV-JJL(R) affixes Scrap Shield Fragment to Scrap Shield. 02300_ Lgt. Treads destroyed. 02302_ X0-1V1 laughs nastily! Map ----- +----------------------------------------------------+ | ?????????????????????????????????????????????????? | | ?????????????????????????????????????????????????? | | ?????????????????????????????????????????????????? | | ?????????????????????????????????????????????????? | | ?????????????????????????????????????????????????? | | ?????????????????????????????????????????????????? | | ?????????????????????????????????????????????????? | | ?????????????????????????????????????????????????? | | ?????????????????????????????????????????????????? | | ?????????????????????????????????????????????????? | | ?????????????????????????????????????????????????? | | ?????????????????????????????????????????????????? | | ?????????????????????????????????????????????????? | | ?????????????????????????????????????????????????? | | ?????????????????????????????????????????????????? | | ??????????????###????????????????????????????????? | | ???########??## ##???????????????????????????????? | | ??##"#"#" #### #???????????????????????????????? | | ??# """"" """ ##???????????####???????????????? | | ### """ " """"""! ########??## #???????????????? | | ## # # "" ## ##? ##?#????????????? | | # ##### "## "" "" #????????????? | | ""#?# ## %""""" #?????????????? | | """#?#"""" "" ## % """""#??????????????? | | #?#""""" ## "" [ % """"#??????????????? | | " #?### #### " c @!% ""#""#??????????????? | | ###" #???### #??## # #R%### " #????????????? | | "#?## ##????#" #???## #### ##?????? #????????????? | | ##??# ##???####????###?? "#?????????????????????? | | #???# #???????????????? "#?????????????????????? | | ## ##??????????????? #?????????????????????? | | #??????????????? #?????????????????????? | | ### ####??????????????" #?????????????????????? | | ??#####?????????????????" ?????????????????????? | | ???????????????????????? ?????????????????????? | | ???????????????????????? ?????????????????????? | | ??????????????????????? ?????????????????????? | | ??????????????????????? ?????????????????????? | | ??????????????????????? ?????????????????????? | | ??????????????????????? ?????????????????????? | | ?????????????????????? ?????????????????????? | | ???????????????????????# ?????????????????????? | | ???????????????????????#####?????????????????????? | | ?????????????????????????????????????????????????? | | ?????????????????????????????????????????????????? | | ?????????????????????????????????????????????????? | | ?????????????????????????????????????????????????? | | ?????????????????????????????????????????????????? | | ?????????????????????????????????????????????????? | | ?????????????????????????????????????????????????? | +----------------------------------------------------+ Best States ------------- Heat Dissipation 50 Energy Generation 10 Energy Capacity 250 Matter Stores 300 Matter Capacity 900 Sight Range 22 Terrain Scan Density 10 Armor Coverage 150 Evasion (%) 40 Recoil Reduction 2 Item Schematics ----------------- None Robot Schematics ------------------ None Fabricated ------------ Nothing Repaired ---------- Nothing Studied --------- None Alien Tech Used ----------------- None Achievements -------------- None Challenges ------------ None Game ------ Seed NodePoweredManipulator Manual? 0 Play Time 00:13:24 Cumulative 270.5 hours Start 2026.07.09 @ 01:03:38 End 2026.07.09 @ 01:13:50 Sessions 1 Manual Loads 0 Difficulty Rogue Special Mode None Game No. 125 Rogue 125 Adventurer 0 Explorer 0 Win Type - Total 16 Types 12/1/1/1/0/0/0/0/0/1 Lore% 76 Gallery% 73 Achievement% 72 Wizard Run 0 Options --------- Layout 0 ASCII 0 Keyboard 1 Movement Arrows Keybinds 0 Fullscreen 2 Font 18/SmallcapsGlow Map View 76x50 Zoom Use 0% Tactical HUD 1 Map Filters NONE Filters NONE Steam 1 RUN: b925de61-316d-4634-b266-717766b02139